 Dungeon Crawl Stone Soup version 0.30.0-30-g96aa6591b8 (webtiles) character file.

Game seed: 3492471984843995435

10422 Peloso the Carver (level 11, -16/99 HPs)
             Began as a Minotaur Fighter on June 27, 2023.
             Was a High Priest of Okawaru.
             Demolished by a boulder beetle (18 damage)
             ... summoned by a boggart
             ... on level 14 of the Dungeon.
             The game lasted 00:18:19 (10334 turns).

Peloso the Carver (Minotaur Fighter)               Turns: 10334, Time: 00:18:22

Health: -16/99     AC: 23    Str: 30    XL:     11   Next: 36%
Magic:  9/10       EV: 10    Int:  5    God:    Okawaru [*****.]
Gold:   681        SH: 12    Dex: 11    Spells: 10/10 levels left

rFire   . . .        a - +3 scimitar (flame)
rCold   . . .        d - +0 kite shield "Damnable Contraption" {Fly Stlth+}
rNeg    . . .        f - +1 plate armour
rPois   .            (helmet restricted)
rElec   .            K - +0 cloak
rCorr   .            S - +0 pair of gloves
SInv    .            c - +0 pair of boots
Will    .....        (no amulet) Stlth
                     C - +6 ring of strength
HPRegen 0.36/turn    G - +4 ring of slaying
MPRegen 0.12/turn

%: no passive effects
@: weak-willed, heroic, flying
A: horns 2, retaliatory headbutt
a: Renounce Religion, Heroism, Finesse, Duel


You were on level 14 of the Dungeon.
You worshipped Okawaru.
Okawaru was extremely pleased with you.
You visited 1 branch of the dungeon, and saw 12 of its levels.

You collected 681 gold pieces.

Inventory:

Hand Weapons
 a - a +3 scimitar of flaming (weapon)
 b - the +5 flail "Ultimatum" {vamp, +Blink Will++ Stlth-}
   (You found it on level 6 of the Dungeon)

   +Blink:    It lets you blink.
   Will:      It greatly increases your willpower.
   Stlth:     It makes you less stealthy.
Missiles
 J - a throwing net (quivered)
Armour
 c - a +0 pair of boots (worn)
 d - the +0 kite shield "Damnable Contraption" (worn) {Fly Stlth+}
   (Okawaru gifted it to you on level 10 of the Dungeon)

   Fly:       It grants you flight.
   Stlth:     It makes you more stealthy.
 f - a +1 plate armour (worn)
 I - a +2 scale mail of cold resistance
 K - a +0 cloak (worn)
 S - a +0 pair of gloves (worn)
Jewellery
 i - a ring of flight
 r - a ring of fire
 t - a +5 ring of evasion
 w - a ring of positive energy
 C - a +6 ring of strength (left hand)
 G - a +4 ring of slaying (right hand)
 H - a +4 ring of slaying
 Q - a ring of poison resistance
 X - a +6 ring of dexterity
Wands
 v - a wand of digging (4)
 O - a wand of flame (10)
 R - a wand of mindburst (11)
 T - a wand of acid (2)
 U - a wand of iceblast (4)
 W - a wand of polymorph (7)
Scrolls
 e - 4 scrolls of brand weapon
 g - 2 scrolls of identify
 l - 4 scrolls of magic mapping
 m - a scroll of noise
 o - 6 scrolls of enchant armour
 q - 2 scrolls of vulnerability
 s - 2 scrolls of enchant weapon
 y - a scroll of amnesia
 z - a scroll of fog
 A - a scroll of immolation
 B - a scroll of blinking
 E - 6 scrolls of teleportation {unknown}
 F - 2 scrolls of fear
 M - a scroll of silence
 P - a scroll of torment {unknown}
Potions
 h - 5 potions of might
 j - 3 potions of flight
 p - 3 potions of magic
 u - 2 potions of curing
 x - 4 potions of heal wounds
 D - 2 potions of berserk rage
 L - 2 potions of haste
 N - a potion of brilliance
 V - 2 potions of invisibility {unknown}


   Skills:
 + Level 9.7(14.7) Fighting
 + Level 14.1(19.1) Long Blades
 + Level 11.6(16.6) Armour
 + Level 2.6(7.6) Dodging
 + Level 1.2(6.2) Stealth
 + Level 7.8(12.8) Shields
 + Level 0.8 Invocations
 + Level 0.2 Evocations


You had 10 spell levels left.
You didn't know any spells.
Your spell library contained the following spells:

 Spells                   Type           Power      Damage    Failure   Level
 Apportation              Tloc           0%         N/A       98%         1
 Ozocubu's Armour         Ice            0%         N/A       100%        3
 Vhi's Electric Charge    Tloc/Air       0%         N/A       100%        3
 Leda's Liquefaction      Hex/Erth       0%         N/A       100%        4
 Manifold Assault         Tloc           0%         N/A       100%        4
 Passage of Golubria      Tloc           0%         N/A       100%        4
 Alistair's Intoxication  Tmut/Pois      0%         N/A       100%        5
 Lee's Rapid Deconstruct  Erth           0%         3d4*      100%        5
 Statue Form              Tmut/Erth      0%         N/A       100%        6
 Orb of Destruction       Conj           0%         9d5       100%        7
 Ozocubu's Refrigeration  Ice            0%         4d7       100%        7
 Disjunction              Tloc           0%         N/A       100%        8
 Summon Guardian Golem    Hex/Summ       Unusable   N/A       N/A         3
 Spellforged Servitor     Conj/Summ      Unusable   N/A       N/A         7

Dungeon Overview and Level Annotations

Branches:
Dungeon (14/15)            Temple (0/1) D:6
   Lair: D:8-11         Orc: D:9-12      Vaults: D:13-14

Altars:
Cheibriados
Gozag
Hepliaklqana
Okawaru
Qazlal
Vehumet
Zin
The Shining One

Shops:
D:4 [   D:8 *


Innate Abilities, Weirdness & Mutations

You have a pair of horns on your head.
You reflexively headbutt those who attack you in melee.


Message History

The purple ugly thing trunk-slaps you.
Unknown command.
You hit the brown ugly thing but do no damage.
The brown ugly thing is lightly wounded.
The brown ugly thing tentacle-slaps you but does no damage.
The brown ugly thing basks in the mutagenic energy from its kin and changes!
You block the brown ugly thing's attack.
The boulder beetle bites you!
The brown ugly thing headbutts you but does no damage.
As you read the scroll labelled IHOAGIH SAUHENUFY, it crumbles to dust.
You hear a loud clanging noise!
It was a scroll of noise.
You hear a shout!
The purple ugly thing trunk-slaps you! The boulder beetle barely misses you.
The brown ugly thing closely misses you.
You furiously retaliate!
You headbutt the brown ugly thing!
You block the brown ugly thing's attack.
The brown ugly thing headbutts you but does no damage.
As you read the scroll labelled UNAN HA PUN, it crumbles to dust.
Nothing appears to happen.
It was a scroll of butterflies.
The purple ugly thing basks in the mutagenic energy from its kin and changes!
The boulder beetle bites you but does no damage.
You block the brown ugly thing's attack.
The brown ugly thing closely misses you.
You furiously retaliate!
You headbutt the brown ugly thing!
You block the brown ugly thing's attack.
The air fills with toxic fumes!
As you read the scroll labelled VEOXUO CORCHY, it crumbles to dust.
It was a scroll of poison.
The boggart mumbles some strange words.
The boggart blinks!
The brown ugly thing stings you!
* * * LOW HITPOINT WARNING * * *
You are splashed with acid!
* * * LOW HITPOINT WARNING * * *
The brown ugly thing tentacle-slaps you.
* * * LOW HITPOINT WARNING * * *
You are splashed with acid!
* * * LOW HITPOINT WARNING * * *
The boulder beetle bites you!!
You die...

############# #..uu@B§....#
#§§uuuu§....#
*********#§§§Cg§§....#
***,,,,,,§§§§.§§§......##########
,,,,,,,,,§§§....uug..............
,,,,,,,,,§§...g..................
,,,,,,,,,§.......................
,,,,,,,,,.........######.........
,,,,,,,,,,........#,,,,+.........


You could see a boulder beetle (summoned, weak-willed), 6 ugly things, a cyclops
(summoned, weak-willed) and a boggart (weak-willed).

Vanquished Creatures
  Erica (D:8)
  2 boulder beetles (D:10)
  A two-headed ogre (D:10)
  Pikel (D:7)
  A manticore (D:10)
  A cyclops (D:10)
  An unseen horror (D:10)
  A troll (D:9)
  Sigmund (D:6)
  A shadow (D:7)
  2 wraiths
  12 yaks (D:10)
  A vampire (D:11)
  A steam dragon (D:8)
  Menkaure (D:7)
  3 acid dragons
  3 sky beasts
  2 black bears
  An ogre (D:7)
  2 ice beasts
  2 boggarts (D:14)
  2 lemures (D:7)
  2 centaurs (D:9)
  2 phantoms
  2 kobold brigands
  2 gnoll sergeants (D:9)
  6 scorpions
  2 bullfrogs (D:8)
  9 killer bees
  A howler monkey (D:6)
  A crimson imp (D:6)
  5 hounds
  2 gnoll boudas
  3 jellies
  3 orc priests
  A sleepcap (D:7)
  2 orc wizards
  Ijyb (D:3)
  3 iguanas
  Robin (D:3)
  18 gnolls
  6 adders
  4 white imps
  A worm (D:4)
  A dart slug (D:2)
  16 orcs
  6 bats
  6 endoplasms
  A giant cockroach (D:2)
  21 goblins
  16 hobgoblins
  3 quokkas
  7 ball pythons
  4 frilled lizards
  22 kobolds
  8 rats
231 creatures vanquished.

Notes
Turn   | Place    | Note
-------+----------+-------------------------------------------
     0 | D:1      | Peloso the Minotaur Fighter began the quest for the Orb.
     0 | D:1      | Reached XP level 1. HP: 19/19 MP: 0/0
    89 | D:1      | Reached XP level 2. HP: 27/27 MP: 1/1
   741 | D:2      | Reached XP level 3. HP: 24/33 MP: 2/2
   742 | D:2      | Reached skill level 3 in Long Blades
  1252 | D:2      | Found a faded altar of an unknown god.
  1342 | D:2      | Reached XP level 4. HP: 39/40 MP: 3/3
  1659 | D:3      | Found a snail-covered altar of Cheibriados.
  1689 | D:3      | Noticed Robin
  1720 | D:3      | Killed Robin
  1825 | D:3      | Reached skill level 4 in Long Blades
  1949 | D:3      | Noticed Ijyb
  1975 | D:3      | Killed Ijyb
  2375 | D:3      | Reached XP level 5. HP: 47/47 MP: 4/4
  2442 | D:3      | Reached skill level 5 in Armour
  2733 | D:3      | Found an iron altar of Okawaru.
  2747 | D:3      | Became a worshipper of Warmaster Okawaru
  2836 | D:4      | Noticed a phantom
  2845 | D:4      | Killed a phantom
  2846 | D:4      | Reached skill level 5 in Long Blades
  2846 | D:4      | Reached XP level 6. HP: 53/53 MP: 5/5
  3119 | D:4      | Reached skill level 6 in Long Blades
  3648 | D:4      | Found Mifuyr's Antique Armour Boutique.
  3669 | D:5      | Entered Level 5 of the Dungeon
  3822 | D:5      | Reached * piety under Okawaru
  3835 | D:5      | Reached XP level 7. HP: 22/60 MP: 6/6
  3840 | D:5      | Reached skill level 5 in Fighting
  4131 | D:5      | Reached skill level 5 in Shields
  4273 | D:5      | Reached skill level 7 in Long Blades
  4273 | D:5      | Reached skill level 1 in Dodging
  4494 | D:5      | Found a glowing golden altar of the Shining One.
  4632 | D:6      | Identified the +5 flail "Ultimatum" {vamp, +Blink Will++
                  | Stlth-}
  4813 | D:6      | Found an opulent altar of Gozag.
  4814 | D:6      | Found an opulent altar of Gozag.
  4817 | D:6      | Found an opulent altar of Gozag.
  4822 | D:6      | Reached XP level 8. HP: 70/70 MP: 7/7
  4875 | D:6      | Found an opulent altar of Gozag.
  4906 | D:6      | Reached ** piety under Okawaru
  4907 | D:6      | Reached skill level 8 in Long Blades
  5080 | D:6      | Noticed Sigmund
  5095 | D:6      | Killed Sigmund
  5225 | D:6      | Found a staircase to the Ecumenical Temple.
  5261 | D:6      | Reached skill level 9 in Long Blades
  5522 | D:6      | Got Lom Lobon's Lessons on the Compass
  5896 | D:7      | Noticed Pikel
  5914 | D:7      | Killed Pikel
  5914 | D:7      | Reached *** piety under Okawaru
  5915 | D:7      | Reached XP level 9. HP: 70/79 MP: 8/8
  5949 | D:7      | Reached skill level 10 in Long Blades
  6087 | D:7      | Noticed Menkaure
  6092 | D:7      | Killed Menkaure
  6456 | D:7      | Found a radiant altar of Vehumet.
  6589 | D:7      | Reached skill level 11 in Long Blades
  6756 | D:8      | Reached **** piety under Okawaru
  6898 | D:8      | Found Zin's Purification Station.
  6904 | D:8      | Found a glowing silver altar of Zin.
  6970 | D:8      | Reached skill level 1 in Stealth
  7017 | D:8      | Noticed Erica
  7032 | D:8      | Killed Erica
  7033 | D:8      | Reached skill level 12 in Long Blades
  7033 | D:8      | Reached XP level 10. HP: 83/88 MP: 7/9
  7650 | D:9      | Reached ***** piety under Okawaru
  7676 | D:9      | Found a stormy altar of Qazlal.
  8051 | D:9      | Reached skill level 10 in Armour
  8412 | D:9      | Found a hazy altar of Hepliaklqana.
  8526 | D:10     | Entered Level 10 of the Dungeon
  8679 | D:10     | Noticed a boulder beetle
  8691 | D:10     | Killed a boulder beetle
  8693 | D:10     | Noticed a cyclops
  8706 | D:10     | Killed a cyclops
  8707 | D:10     | Reached skill level 13 in Long Blades
  8732 | D:10     | Noticed a manticore
  8741 | D:10     | Killed a manticore
  8815 | D:10     | Reached XP level 11. HP: 83/97 MP: 10/10
  8846 | D:10     | Noticed a boulder beetle
  8868 | D:10     | Killed a boulder beetle
  9742 | D:10     | Noticed a two-headed ogre
  9751 | D:10     | Killed a two-headed ogre
  9751 | D:10     | Identified the +0 kite shield "Damnable Contraption" {Fly
                  | Stlth+} (Okawaru gifted it to you on level 10 of the
                  | Dungeon)
  9751 | D:10     | Received a gift from Okawaru
 10192 | D:11     | Reached skill level 14 in Long Blades
 10254 | D:11     | You are sucked into a shaft and drop 3 floors!
 10319 | D:14     | Noticed a rakshasa
 10319 | D:14     | Noticed a boulder beetle
 10320 | D:14     | Noticed a boulder beetle
 10322 | D:14     | Noticed a white ugly thing
 10322 | D:14     | Noticed a white ugly thing
 10322 | D:14     | Noticed a white ugly thing
 10322 | D:14     | Noticed a white ugly thing
 10322 | D:14     | Noticed a white ugly thing
 10322 | D:14     | Noticed a white ugly thing
 10324 | D:14     | Noticed a brown ugly thing
 10324 | D:14     | Noticed a brown ugly thing
 10324 | D:14     | Noticed a brown ugly thing
 10324 | D:14     | Noticed a brown ugly thing
 10324 | D:14     | Noticed a brown ugly thing
 10324 | D:14     | Noticed a brown ugly thing
 10334 | D:14     | HP: 2/99 [acid[a boggart] (9)]
 10334 | D:14     | Demolished by a boulder beetle

Illustrated notes

Levels and vault maps discovered:
D:1:      dpeg_arrival_ternary, layout_basic
D:2:      layout_loops_ring, shapermc_ecumenical_altar_hornbeckon
D:3:      kennysheep_the_goblin_king, layout_loops_corners,
          okawaru_altar_gauntlet_db, mainiacjoe_overflow_surrounded_room,
          kennysheep_generic_room_13, uniq_robin
D:4:      layout_gridville, serial_shops, nicolae_shop_back_alley_shop,
          grunt_decor_resistance, corexii_leaking_fountain,
          chequers_serial_rivers_marsh
D:5:      layout_basic, mainiacjoe_overflow_alcove_4
D:6:      layout_cave_pods, nicolae_gozag_conspicuous_consumption,
          minmay_temple_entry_drinking_statues, minmay_fire_ice_demons,
          uniq_sigmund
D:7:      layout_loops_ring, nicolae_vehumet_altar_sigil,
          palyth_stone_intersect, minivault_5, uniq_menkaure, uniq_pikel
D:8:      layout_loops_ring, zin_purify, uniq_erica
D:9:      layout_loops_cross, lemuel_doored_altar,
          nicolae_qazlal_general_emergency, kb_lookout_dungeons_type,
          minmay_misc_feat_tower
D:10:     minmay_curly_fans, layout_grid_maze
D:11:     giant_chief_lemuel, layout_layer_cave, erik_lair_island,
          hiddenorc1_lemuel
D:14:     layout_irregular_city, ximxim_vaults_locker_room

Skill      XL: |  1  2  3  4  5  6  7  8  9 10 11 |
---------------+----------------------------------+-----
Shields        | 4 5 6 7 |  7.8
Armour         | 4 5 6 7 9 11 | 11.6
Fighting       | 4 6 7 8 9 |  9.7
Long Blades    | 3 4 5 6 7 9 12 13 14 | 14.1
Dodging        | 1 2 |  2.6
Stealth        | 1 |  1.2
Invocations    | |  0.8
Evocations     | |  0.2

Action                     |  1- 3 |  4- 6 |  7- 9 | 10-12 || total
---------------------------+-------+-------+-------+-------++-------
  Melee: Long sword        |    73 |   150 |   215 |       ||   438
         Headbutt          |    12 |    22 |    38 |    53 ||   125
         Scimitar          |       |       |       |   188 ||   188
 Invoke: Heroism           |       |       |     1 |     3 ||     4
  Evoke: Wand              |       |       |     1 |       ||     1
    Use: Scroll            |     4 |     5 |       |    13 ||    22
         Potion            |     1 |       |       |       ||     1
 Armour: Scale mail        |    27 |       |       |       ||    27
         Chain mail        |    11 |   113 |    29 |       ||   153
         Plate armour      |       |       |    71 |   123 ||   194
  Dodge: Dodged            |    36 |    85 |    69 |    71 ||   261
  Block: Buckler           |    17 |    48 |    46 |    38 ||   149
         Kite shield       |       |       |       |    13 ||    13
